Map: Dusk Towers

Players

viOLet

  • Race: Zerg Zerg
  • League: Grandmaster

JJAKJI - Winner!

  • Race: Terran Terran

VOD

Have the link to the VOD?

Description

Time

  • Played on: Dec. 14, 2015, 5:20 p.m.
  • Length: 12:46
Show
View Real Time Build Order
Export as new Build Order

viOLet Zerg 

Build Orders: Hatch First, Muta Ling Bane, Ravager All-In 

Get SALT Encoding   

  12  0:00  Drone  
  13  0:12  Overlord  
  13  0:19  Drone  
  14  0:31  Drone x2  
  16  0:37  Drone  
  17  0:52  Hatchery  
  17  0:55  Drone  
  17  0:57  Drone  
  18  1:07  Drone  
  18  1:09  Extractor  
  18  1:18  Drone  
  19  1:21  Spawning Pool  
  18  1:28  Drone  
  19  1:39  Drone  
  20  1:49  Overlord  
  20  2:08  Queen x2, Zergling x4  
  22  2:11  Drone  
  27  2:20  Drone  
  28  2:24  Drone  
  28  2:29  Drone  
  30  2:31  Roach Warren  
  30  2:34  Extractor  
  28  2:41  Drone x2  
  28  2:43  Drone  
  31  2:48  Overlord  
  31  2:54  Overlord  
  33  3:12  Roach  
  33  3:13  Roach x2  
  33  3:18  Roach x2  
  33  3:19  Drone x3  
  44  3:20  Overlord  
  44  3:37  Overlord  
  44  3:40  Ravager x4  
  48  3:45  Drone, Overlord  
  50  3:48  Ravager  
  50  3:51  Drone  
  50  3:52  Drone  
  51  3:57  Drone x2  
  51  4:00  Zergling x4  
  51  4:02  Drone  
  55  4:04  Drone x2  
  55  4:07  Lair  
  57  4:10  Drone  
  57  4:14  Drone  
  59  4:33  Drone x2  
  59  4:38  Drone x2  
  63  4:41  Hatchery, Extractor x2  
  63  4:44  Drone x2  
  63  4:45  Drone  
  60  4:46  Drone  
  60  4:49  Overlord  
  61  4:54  Drone  
  56  5:00  Metabolic Boost  
  56  5:01  Drone  
  56  5:04  Queen  
  56  5:05  Spire  
  56  5:08  Drone  
  57  5:16  Queen  
  57  5:17  Drone  
  57  5:18  Drone x2  
  57  5:20  Spore Crawler  
  55  5:22  Spore Crawler  
  55  5:28  Spore Crawler  
  53  5:30  Overlord  
  53  5:33  Drone x3  
  53  5:34  Zergling x2  
  57  5:44  Zergling x4  
  57  5:48  Overlord  
  59  5:50  Zergling x6  
  62  5:59  Overseer  
  62  6:16  Mutalisk  
  62  6:17  Mutalisk x6  
  76  6:19  Drone x5  
  81  6:26  Evolution Chamber x2, Baneling Nest  
  78  6:33  Overlord  
  78  6:34  Drone x3  
  78  6:35  Drone  
  82  6:42  Overlord  
  82  6:43  Overlord  
  82  6:53  Drone x2  
  84  6:54  Zerg Ground Armor Level 1, Zerg Melee Weapons Level 1  
  84  6:57  Drone x2  
  84  6:59  Drone x3  
  84  7:00  Drone x2  
  90  7:05  Overlord  
  90  7:13  Drone x3  
  89  7:19  Extractor  
  89  7:20  Mutalisk, Extractor  
  89  7:21  Mutalisk  
  85  7:24  Overseer  
  84  7:30  Centrifical Hooks  
  84  7:32  Drone x9  
  91  7:38  Drone  
  91  7:39  Drone  
  93  7:49  Mutalisk x3  
  99  7:51  Zergling x2  
  100  7:59  Pneumatized Carapace  
  100  8:00  Hatchery, Zergling x14  
  106  8:07  Zergling x2  
  106  8:08  Zergling x4  
  106  8:11  Baneling x2  
  109  8:14  Zergling x10  
  114  8:21  Baneling x6  
  114  8:22  Overlord, Baneling x3  
  114  8:32  Zergling x4  
  113  8:36  Overlord x2  
  113  8:43  Zergling x2  
  113  8:46  Zergling x2  
  113  8:47  Zergling x14  
  105  8:50  Zergling x2  
  100  8:59  Zerg Ground Armor Level 2, Zerg Melee Weapons Level 2  
  100  9:08  Infestation Pit, Zergling x22  
  110  9:13  Queen  
  112  9:18  Baneling x2  
  112  9:19  Baneling x7  
  112  9:26  Zergling x2  
  112  9:27  Zergling x24  
  126  9:38  Zergling x12  
  126  9:39  Zergling x2  
  132  9:58  Hive  
  132  10:00  Drone  
  132  10:01  Drone x3  
  132  10:02  Overlord x4  
  132  10:03  Overlord x2  
  132  10:04  Baneling x5  
  132  10:05  Baneling x7  
  135  10:28  Zergling x32  
  139  10:29  Zergling x6  
  141  10:41  Zergling x2  
  141  10:42  Zergling x6  
  116  10:51  Hatchery  
  113  10:59  Pathogen Glands  
  113  11:07  Zergling x2  
  113  11:08  Zergling x16  
  116  11:14  Zergling x2  
  116  11:17  Zergling x2  
  109  11:25  Zergling x10  
  92  11:26  Zergling x14  
  92  11:27  Baneling x4  
  102  11:34  Infestor x2  
  102  11:38  Infestor  
  108  11:54  Zergling x24  
  97  12:01  Zergling x6  
Show
View Real Time Build Order
Export as new Build Order

JJAKJI Terran - Winner!

Build Orders: Command Center First (CC), MMM Bio 

Get SALT Encoding   

  12  0:00  SCV  
  13  0:13  SCV  
  14  0:17  Supply Depot  
  14  0:25  SCV  
  15  0:38  SCV  
  16  0:50  SCV  
  17  0:59  Command Center  
  17  1:04  SCV  
  18  1:13  Barracks  
  18  1:17  SCV  
  19  1:21  Refinery  
  19  1:29  SCV  
  20  1:41  SCV  
  21  2:00  Marine, Orbital Command  
  22  2:11  Orbital Command  
  22  2:18  Marine  
  23  2:24  Factory  
  23  2:26  Refinery  
  23  2:27  SCV  
  24  2:38  SCV  
  24  2:39  SCV  
  24  2:41  Supply Depot  
  24  2:43  Barracks Reactor  
  26  2:50  SCV  
  26  2:51  SCV  
  28  3:03  SCV x2  
  30  3:14  Starport  
  30  3:15  SCV x2  
  32  3:22  Hellion  
  32  3:23  Hellion  
  36  3:27  SCV x2, Supply Depot  
  36  3:30  Barracks Tech Lab  
  38  3:39  SCV x2  
  40  3:46  Command Center  
  44  3:49  Widow Mine x2  
  44  3:52  Marauder  
  44  3:54  Starport Tech Lab  
  46  3:57  Bunker  
  46  3:59  SCV x2  
  46  4:02  Bunker  
  48  4:12  SCV x2  
  48  4:13  Marauder  
  52  4:18  Widow Mine  
  54  4:24  SCV  
  54  4:25  Banshee, SCV  
  54  4:37  Widow Mine  
  54  4:39  Marauder  
  54  4:42  SCV  
  45  5:01  Hellion, Marauder  
  45  5:04  SCV  
  52  5:07  Hellion  
  52  5:08  Banshee  
  52  5:11  SCV  
  52  5:13  Cloaking Field  
  55  5:16  SCV, Stimpack  
  55  5:17  Orbital Command  
  56  5:23  SCV  
  56  5:24  Marine  
  58  5:28  SCV  
  58  5:33  Barracks  
  58  5:35  Barracks  
  59  5:36  SCV  
  59  5:39  Orbital Command  
  59  5:40  SCV  
  59  5:41  Factory Reactor  
  61  5:48  SCV  
  62  5:50  Banshee  
  62  5:52  Supply Depot, SCV, Marine  
  62  5:53  Supply Depot  
  67  6:00  SCV  
  68  6:04  SCV  
  68  6:05  Supply Depot, Engineering Bay  
  68  6:06  Engineering Bay  
  69  6:14  Marauder  
  69  6:15  SCV x2, Barracks  
  69  6:17  Supply Depot, Barracks  
  73  6:19  Refinery x2  
  73  6:24  Marine x2  
  75  6:28  SCV x2  
  75  6:29  SCV  
  75  6:30  Factory Tech Lab  
  75  6:31  Liberator  
  78  6:34  Terran Infantry Weapons Level 1, Terran Infantry Armor Level 1  
  78  6:40  SCV x2  
  78  6:41  SCV, Starport Reactor  
  78  6:44  Missile Turret  
  78  6:46  Missile Turret x2  
  81  6:52  Missile Turret  
  80  6:56  Marine  
  80  6:57  Marine x4  
  85  7:05  Marine x2  
  87  7:14  SCV x3, Marine x2  
  87  7:15  Marine x3  
  92  7:22  Marine  
  92  7:23  Marine  
  92  7:26  SCV x3  
  97  7:32  Marine x3  
  97  7:33  Starport Reactor  
  97  7:35  Missile Turret  
  100  7:38  SCV  
  100  7:42  Barracks Reactor x2  
  100  7:43  Combat Shields  
  101  7:46  Supply Depot  
  101  7:47  Supply Depot  
  101  8:03  Supply Depot, Armory  
  101  8:05  SCV x3  
  101  8:07  Supply Depot, Marine x5  
  101  8:08  Supply Depot  
  101  8:12  Siege Tank  
  109  8:13  Medivac x2  
  109  8:17  Supply Depot, SCV x3  
  116  8:20  Marine  
  116  8:24  Marine x3  
  116  8:25  Marine x5  
  125  8:29  SCV  
  119  8:43  Medivac x2  
  119  8:44  Siege Tank  
  119  8:47  Marine  
  119  8:48  Marine x8  
  104  9:01  Barracks  
  104  9:02  Barracks  
  101  9:05  Barracks, Marine x2  
  101  9:06  Marine x6  
  101  9:07  Terran Infantry Weapons Level 2  
  109  9:10  Terran Infantry Armor Level 2  
  109  9:16  Refinery  
  109  9:17  Refinery, Marine  
  109  9:23  Marine x6  
  118  9:24  Marauder  
  118  9:25  Supply Depot  
  118  9:27  Factory Reactor, Concussive Shells, Marine  
  120  9:40  Command Center  
  120  9:41  Marine x2  
  126  9:45  Marauder  
  126  9:50  Marine x2  
  130  9:53  Barracks Reactor x2, Barracks Tech Lab  
  130  9:57  Marine  
  130  9:59  Sensor Tower, Marine x2  
  131  10:02  Marine  
  131  10:03  Marine  
  131  10:04  Widow Mine x2  
  131  10:06  Marine, Medivac x2  
  140  10:07  Marine  
  140  10:08  Marine x2  
  140  10:12  Marauder  
  143  10:14  Marine  
  143  10:17  Marine x2  
  143  10:20  Marine x2  
  148  10:25  Marauder, Marine  
  148  10:26  Marine x2  
  142  10:32  Marine  
  142  10:33  Widow Mine x2  
  147  10:36  Marauder  
  147  10:37  Marine x3  
  134  10:46  Medivac x2, Marauder  
  134  10:49  Marine  
  130  10:50  Marine x5  
  130  10:56  Marine x5  
  138  10:58  Marauder  
  138  10:59  Marine  
  138  11:01  Widow Mine x2  
  145  11:07  Marauder, Marine x3  
  132  11:19  Marauder  
  132  11:20  Marine x8, Liberator  
  132  11:24  Marine  
  132  11:25  Marine  
  127  11:26  Marine  
  127  11:27  Marine  
  127  11:29  Marauder  
  127  11:30  Planetary Fortress  
  131  11:33  Widow Mine  
  131  11:34  Widow Mine  
  131  11:38  Medivac  
  140  11:41  Marauder  
  140  11:42  Marine  
  140  11:43  Marine x5  
  148  11:47  Marine  
  148  11:48  Marine x4  
  148  11:50  Marauder  
  135  12:01  Marine  
  135  12:02  Marauder, Marine x5  
  143  12:12  Marauder  
Tags
 
Add a new tag
Caveats
  • Supply blocks, unpowered buildings, or Contaminate may cause inaccurate times.
  • Supply counts are checked every 10 seconds.